 Dungeon Crawl Stone Soup version 0.30.0-5-g1a98f26d00 (webtiles) character file.

Game seed: 7062483122752225161

73 Pimp the Grave Robber (level 4, 0/33 HPs)
             Began as a Ghoul Necromancer on May 8, 2023.
             Slain by Crazy Yiuf
             ... wielding a +3 quarterstaff of chaos
              (8 damage)
             ... on level 3 of the Dungeon.
             The game lasted 00:04:22 (2771 turns).

Pimp the Grave Robber (Ghoul Necromancer)           Turns: 2771, Time: 00:04:23

Health: 0/33       AC:  6    Str: 12 (13) XL:     4   Next: 27%
Magic:  11/15      EV: 10    Int: 10      God:
Gold:   145        SH:  0    Dex:  8 (9)  Spells: 2/7 levels left

rFire   . .          .
                       - Unarmed
rCold   + + .        (no shield)
rNeg    + + +        d - +1 ring mail of Laxoam {+Inv rC+ MP+9 SInv}
rPois   ∞            (no helmet)
rElec   .            (no cloak)
rCorr   .            (no gloves)
SInv    +            (no boots)
Will    .....        (no amulet)
Stlth   +            (no ring)
HPRegen 0.00/turn    (no ring)
MPRegen 0.14/turn

%: no passive effects
@: inhibited regen, hasted, very quick
A: claws 1, cold resistance 1, negative energy resistance 3, inhibited
regeneration, torment resistance 2, devour on kill
a: Evoke Invisibility


You were on level 3 of the Dungeon.
You visited 1 branch of the dungeon, and saw 4 of its levels.

You collected 145 gold pieces.

Inventory:

Armour
 a - a +0 robe
 d - the +1 ring mail of Laxoam (worn) {+Inv rC+ MP+9 SInv}
   (You found it on level 4 of the Dungeon)

   rC:        It protects you from cold.
   MP:        It affects your magic capacity (+9).
   SInv:      It lets you see invisible.
   +Inv:      It lets you turn invisible.
 k - a +1 leather armour of cold resistance
 n - the +1 robe "Vipaniot" {Str+3}
   (You found it on level 3 of the Dungeon)

   Str:       It affects your strength (+3).
Scrolls
 c - 7 scrolls of identify {unknown}
 h - a scroll of acquirement {unknown}
 m - a scroll of amnesia {unknown}
 o - a scroll of blinking {unknown}
Potions
 b - a potion of magic
 e - a potion of mutation
 i - a potion of degeneration {unknown}
 j - a potion of invisibility {unknown}


   Skills:
 + Level 2.2 Dodging
 + Level 2.8 Stealth
 * Level 2.3 Unarmed Combat
 + Level 2.2 Spellcasting
 + Level 4.2 Necromancy


You had 2 spell levels left.
You knew the following spells:

 Your Spells              Type           Power      Damage    Failure   Level
a - Necrotise             Necr           36%        1d5       12%         1
b - Animate Dead          Necr           9%         N/A       75%         4

Your spell library contained the following spells:

 Spells                   Type           Power      Damage    Failure   Level
 Magic Dart               Conj           4%         1d3       56%         1
 Call Imp                 Summ           2%         N/A       71%         2
 Lesser Beckoning         Tloc           2%         N/A       71%         2
 Vampiric Draining        Necr           9%         2d6       34%         3
 Gell's Gravitas          Tloc           1%         N/A       91%         3
 Mephitic Cloud           Conj/Pois/Air  1%         N/A       91%         3
 Teleport Other           Tloc           1%         N/A       91%         3
 Agony                    Necr           9%         N/A       97%         5
 Malign Gateway           Summ/Tloc      0%         N/A       100%        7
 Summon Horrible Things   Summ           0%         N/A       100%        8


Dungeon Overview and Level Annotations

Branches:
Dungeon (4/15)
 Temple: D:4-7

Altars:
Uskayaw

Annotations:
D:3 Crazy Yiuf


Innate Abilities, Weirdness & Mutations

You are immune to poison.
You have sharp fingernails.
Your flesh is cold resistant. (rC+)
You are immune to negative energy. (rN+++)
You do not regenerate when monsters are visible.
You are immune to unholy pain and torment.
You thrive by killing the living.


Message History

You continue putting on the +1 ring mail of Laxoam {+Inv rC+ MP+9 SInv}. x5
You finish putting on the +1 ring mail of Laxoam {+Inv rC+ MP+9 SInv}.
There is a stone staircase leading down here.
There is a stone staircase leading up here.
You start resting.
Magic restored.
You climb upwards.
Level annotation: Crazy Yiuf Crazy Yiuf yells, "Nubble tea shoe!"
Crazy Yiuf closely misses you.
There is a stone staircase leading down here.
It was a potion of mutation.
You feel extremely strange.
Your body decomposes!
You feel clumsy.
Your body decomposes!
You feel weakened. Crazy Yiuf barely misses you.
You barely miss Crazy Yiuf. Crazy Yiuf completely misses you.
You claw Crazy Yiuf!
Crazy Yiuf is moderately wounded.
Crazy Yiuf hits you with a +3 quarterstaff of chaos!
You feel your power leaking away.
You barely miss Crazy Yiuf.
Crazy Yiuf is moderately wounded.
Crazy Yiuf whimpers, "Buddy ena King!"
Crazy Yiuf hits you with a +3 quarterstaff of chaos.
You closely miss Crazy Yiuf.
Crazy Yiuf is moderately wounded.
Crazy Yiuf closely misses you.
It was a potion of haste.
You feel yourself speed up.
Crazy Yiuf hits you with a +3 quarterstaff of chaos!
* * * LOW HITPOINT WARNING * * *
You scratch Crazy Yiuf but do no damage.
Crazy Yiuf is moderately wounded.
Crazy Yiuf hits you with a +3 quarterstaff of chaos.
* * * LOW HITPOINT WARNING * * *
Okay, then.
You feel better.
Crazy Yiuf hits you with a +3 quarterstaff of chaos!
You die...

#.......# #.# #.# #.
#################.# #.# #.
................#.# #.# #.
###############.#.# ##.# #.
#.#.########..####=
#.................. #####
#######.########..####. #)..###
##.#...............# #.
#...g.####.....g@#########.## #.
#g..##..#............# #.# #.
########.#..#....###.# #.# ##.
#######...# #.# #.# ##..
#...###)## #.# #..> #######
####........####.###..#
#.#...#####......................
#............#.....#.#########..#
###...####.........#.# #..#


You could see Crazy Yiuf.

Vanquished Creatures
  2 adders
  An ufetubus (D:2)
  A dart slug (D:1)
  An orc (D:2)
  6 endoplasms
  2 giant cockroaches
  5 goblins
  2 hobgoblins
  6 kobolds
  2 quokkas
  7 ball pythons
  4 bats
  2 frilled lizards
  5 rats
46 creatures vanquished.

Notes
Turn   | Place    | Note
-------+----------+-------------------------------------------
     0 | D:1      | Pimp the Ghoul Necromancer began the quest for the Orb.
     0 | D:1      | Reached XP level 1. HP: 14/14 MP: 2/2
   135 | D:1      | Reached XP level 2. HP: 19/20 MP: 3/3
   163 | D:1      | Found a faded altar of an unknown god.
   187 | D:1      | Reached skill level 1 in Unarmed Combat
   627 | D:1      | Reached XP level 3. HP: 26/26 MP: 5/5
  1847 | D:2      | Found a hide-covered altar of Uskayaw.
  1949 | D:3      | Reached XP level 4. HP: 31/33 MP: 6/6
  2027 | D:3      | Learned a level 4 spell: Animate Dead
  2119 | D:3      | Identified the +1 robe "Vipaniot" {Str+3}
  2554 | D:3      | Found a runed translucent door.
  2555 | D:3      | Noticed Crazy Yiuf
  2687 | D:4      | Identified the +1 ring mail of Laxoam {+Inv rC+ MP+9 SInv}
  2770 | D:3      | HP: 1/33 [Crazy Yiuf/+3 quarterstaff of chaos (4)]
  2771 | D:3      | Slain by Crazy Yiuf

Illustrated notes

Levels and vault maps discovered:
D:1:      minmay_arrival_semitransparent, layout_basic,
          shapermc_ecumenical_altar_venn, minmay_misc_feat_diagonals,
          minmay_misc_feat_doors
D:2:      layout_loops_corners, basic_altar
D:3:      layout_loops_ring, uniq_crazy_yiuf_cottage
D:4:      layout_basic

Skill      XL: |  1  2  3 |
---------------+----------+-----
Unarmed Combat | 1 2 |  2.3
Dodging        | 2 |  2.2
Spellcasting   | 2 |  2.2
Stealth        | |  2.8
Necromancy     | |  4.2

Action                     |  1- 3 |  4- 6 || total
---------------------------+-------+-------++-------
  Melee: Unarmed           |   146 |    41 ||   187
         Punch             |     2 |       ||     2
    Use: Potion            |     2 |     3 ||     5
         Scroll            |       |     2 ||     2
   Stab: Sleeping          |     6 |     2 ||     8
 Armour: Robe              |    11 |     4 ||    15
         Leather armour    |    20 |    15 ||    35
  Dodge: Dodged            |   121 |    37 ||   158
